 Dungeon Crawl Stone Soup version 0.22.0-35-ge4bf2f5f59 (webtiles) character file.

179 Loge the Ruffian (level 5, -9/53 HPs)
             Began as a Troll Monk on Aug 23, 2018.
             Killed by nerve-wracking pain
             ... invoked by Grinder
              (11 damage)
             ... on level 3 of the Dungeon.
             The game lasted 00:03:54 (1476 turns).

Loge the Ruffian (Troll Monk)                       Turns: 1476, Time: 00:03:54

Health: -9/53      AC:  5    Str: 19    XL:     5   Next: 33%
Magic:  4/4        EV: 10    Int:  6    God:
Gold:   44         SH:  0    Dex: 13    Spells: 4/4 levels left

rFire    . . .     SeeInvis .     - Unarmed
rCold    . . .     Gourm    +   (no shield)
rNeg     . . .     Faith    .   a - +0 robe
rPois    .         Spirit   .   (helmet restricted)
rElec    .         Reflect  .   (no cloak)
rCorr    .         Harm     .   (gloves unavailable)
MR       .....                  (boots unavailable)
Stlth    ++........             (no amulet)
HPRegen  0.57/turn              (no ring)
MPRegen  0.09/turn              (no ring)

@: no status effects
A: large, unfitting armour, claws 3, fast metabolism 3, gourmand, regeneration
1, shaggy fur 1, tough skin 2
a: no special abilities


You were on level 3 of the Dungeon.
You were very full.

You visited 1 branch of the dungeon, and saw 3 of its levels.

You collected 44 gold pieces.

Inventory:

Missiles
 c - 7 needles of paralysis
 i - 48 stones (quivered)
Armour
 a - a +0 robe (worn)
Scrolls
 e - a scroll of enchant weapon {unknown}
 f - 2 scrolls of enchant armour {unknown}
 h - 2 scrolls of teleportation {unknown}
 j - a scroll of amnesia {unknown}
Potions
 d - 5 potions of curing {unknown}
 g - a potion of magic {unknown}
Comestibles
 b - 5 rations
 k - 7 chunks of flesh


   Skills:
 + Level 3.4 Fighting
 - Level 2.4 Dodging
 - Level 1.0 Stealth
 * Level 5.3 Unarmed Combat


You had 4 spell levels left.
You didn't know any spells.
Your spell library was empty.

Dungeon Overview and Level Annotations

Branches:
Dungeon (3/15)

Altars:
Yredelemnul

Annotations:
D:3 Grinder


Innate Abilities, Weirdness & Mutations

You are too large for most types of armour.
You have claws for hands.
Your metabolism is lightning-fast.
You like to eat raw meat.
Your natural rate of healing is unusually fast.
You are covered in fur. (AC +1)
You have very tough skin. (AC +2)


Message History

Things that are here:
a mace; a chain mail Grinder zaps a wand.
You resist with some effort.
You completely miss Grinder. Grinder hits you but does no damage.
You closely miss Grinder. Grinder hits you.
* * * LOW HITPOINT WARNING * * *
You writhe in agony.
* * * LOW HITPOINT WARNING * * *
You closely miss Grinder. Grinder gestures at you.
You barely resist. You claw Grinder!
Grinder is moderately wounded.
Grinder hits you.
* * * LOW HITPOINT WARNING * * *
You writhe in agony.
* * * LOW HITPOINT WARNING * * *
Grinder gestures at you. Pain shoots through your body!
You die...

#.......).............
#..........#..........
#......(...##.........
##..........##........
##......#.......?....
######.#.####.######
#5#.. ## #.#### #@#
#†# #.# #.# #.# #.#
#.# #.. ...


You could see Grinder.

Vanquished Creatures
  A bullfrog (D:2)
  Natasha (D:3)
  3 adders (D:2)
  A dart slug (D:1)
  2 leopard geckos
  An orc (D:3)
  2 giant cockroaches
  7 goblins
  6 hobgoblins
  2 jackals (D:2)
  10 kobolds
  11 bats
  2 frilled lizards
  4 rats
53 creatures vanquished.

Notes
Turn   | Place    | Note
-------+----------+-------------------------------------------
     0 | D:1      | Loge the Troll Monk began the quest for the Orb.
     0 | D:1      | Reached XP level 1. HP: 22/22 MP: 0/0
   153 | D:1      | Reached XP level 2. HP: 18/29 MP: 1/1
   677 | D:2      | Reached XP level 3. HP: 36/36 MP: 2/2
   710 | D:2      | Found a basalt altar of Yredelemnul.
   711 | D:2      | Reached skill level 4 in Unarmed Combat
   752 | D:2      | Noticed a bullfrog
   758 | D:2      | Killed a bullfrog
   758 | D:2      | Reached XP level 4. HP: 45/45 MP: 3/3
   943 | D:2      | Reached skill level 5 in Unarmed Combat
  1179 | D:2      | Reached XP level 5. HP: 53/53 MP: 4/4
  1343 | D:3      | Noticed Natasha
  1350 | D:3      | Killed Natasha
  1410 | D:3      | Noticed Grinder
  1474 | D:3      | HP: 1/53 [Grinder (5)]
  1476 | D:3      | Killed from afar by Grinder

Skill      XL: |  1  2  3  4 |
---------------+-------------+-----
Unarmed Combat | 4 5 |  5.3
Fighting       | 3 |  3.4
Dodging        | |  2.4
Stealth        | |  1.0

Action                   |  1- 3 |  4- 6 || total
-------------------------+-------+-------++-------
Melee: Unarmed           |    69 |   113 ||   182
       Punch             |       |     2 ||     2
 Stab: Sleeping          |     2 |     2 ||     4
  Eat: Chunk             |    12 |     6 ||    18
Armor: Robe              |    28 |    38 ||    66
Dodge: Dodged            |    37 |    91 ||   128
